 Dungeon Crawl Stone Soup version 0.26-a0-466-g989023bd0d (webtiles) character file.

Game seed: 8238574478963189578

170 Apogee the Chopper (level 5, 0/49 HPs)
             Began as a Deep Dwarf Fighter on Aug 1, 2020.
             Slain by an ogre
             ... wielding a cursed -1 giant club
              (10 damage)
             ... on level 4 of the Dungeon.
             The game lasted 00:02:22 (1991 turns).

Apogee the Chopper (Deep Dwarf Fighter)             Turns: 1991, Time: 00:02:24

Health: 0/49       AC: 13    Str: 21    XL:     5   Next: 25%
Magic:  5/5        EV:  4    Int:  8    God:
Gold:   203        SH:  9    Dex: 12    Spells: 4/4 levels left

rFire    . . .     SeeInvis .   a - +0 war axe
rCold    . . .     Faith    .   c - +0 kite shield
rNeg     . . .     Spirit   .   n - +0 plate armour
rPois    .         Reflect  .   (no helmet)
rElec    .         Harm     .   (no cloak)
rCorr    .                      (no gloves)
MR       +....                  e - +0 pair of boots
Stlth    ..........             (no amulet)
HPRegen  0.00/turn              l - ring of protection from magic
MPRegen  0.09/turn              (no ring)

@: non-regenerating
A: damage resistance, heal wounds, sense surroundings 1, no regeneration
a: Heal Wounds


You were on level 4 of the Dungeon.
You visited 1 branch of the dungeon, and saw 4 of its levels.

You collected 203 gold pieces.

Inventory:

Hand Weapons
 a - a +0 war axe (weapon)
Armour
 b - a +0 scale mail
 c - a +0 kite shield (worn)
 e - a +0 pair of boots (worn)
   (You found it on level 3 of the Dungeon)
 n - a +0 plate armour (worn)
   (You found it on level 2 of the Dungeon)
Jewellery
 l - a ring of protection from magic (left hand)
   (You found it on level 3 of the Dungeon)
Scrolls
 h - 3 scrolls of identify {unknown}
 k - a scroll of teleportation {unknown}
 m - a scroll of blinking {unknown}
 o - 2 scrolls of fog {unknown}
 q - 2 scrolls of remove curse {unknown}
 r - 2 scrolls of immolation {unknown}
 s - a scroll of amnesia {unknown}
Potions
 d - 2 potions of might
 f - 4 potions of lignification {unknown}
 g - 2 potions of curing {unknown}
 i - 4 potions of heal wounds {unknown}
 j - a potion of brilliance {unknown}
 p - a potion of degeneration {unknown}


   Skills:
 + Level 3.3 Fighting
 * Level 4.2 Axes
 + Level 4.1 Armour
 + Level 4.1 Shields


You had 4 spell levels left.
You didn't know any spells.
Your spell library was empty.

Dungeon Overview and Level Annotations

Branches:
Dungeon (4/15)
 Temple: D:4-7

Altars:
Dithmenos
Gozag
Okawaru
Trog
Vehumet
Zin


Innate Abilities, Weirdness & Mutations

You are resistant to damage.
You can heal yourself by infusing magical energy.
You passively map a small area around you.
You do not regenerate.


Message History

Your plate armour prevents you from hitting the worm.
The worm bites you.
You hit the worm. You block the worm's attack.
Your plate armour prevents you from hitting the worm.
The worm bites you but does no damage.
You hit the worm. The worm bites you but does no damage.
You hit the worm. You hit the worm but do no damage. The worm bites you!
You hit the worm.
You kill the worm!
No target in view!
Found a clear potion.
A jackal skeleton comes into view.
Found a stone staircase leading down.
You see here a scroll labeled UHOCLE CAKHLU.
Found 11 gold pieces.
A jackal skeleton is nearby!
A jackal skeleton is nearby!
A jackal skeleton is nearby!
You hit the jackal skeleton.
The jackal skeleton bites you but does no damage.
You block the jackal skeleton's attack.
You hit the jackal skeleton. The jackal skeleton barely misses you.
Your plate armour prevents you from hitting the jackal skeleton.
The jackal skeleton bites you but does no damage.
The jackal skeleton barely misses you.
You hit the jackal skeleton.
You block the jackal skeleton's attack. x2
A jackal skeleton is nearby!
You slash the jackal skeleton!
You destroy the jackal skeleton!
o - 2 scrolls labeled UHOCLE CAKHLU (gained 1) No target in view!
An ogre comes into view. It is wielding a -1 giant club.
The ogre shouts!
Found a whip.
An ogre is nearby!
You see here a clear potion.
An ogre is nearby!
An ogre is nearby!
You hit the ogre.
The ogre hits you with a cursed -1 giant club!
You slash the ogre! The ogre barely misses you.
You hit the ogre.
The ogre hits you with a cursed -1 giant club!
* * * LOW HITPOINT WARNING * * *
You hit the ogre.
The ogre hits you with a cursed -1 giant club!
* * * LOW HITPOINT WARNING * * *
The ogre hits you with a cursed -1 giant club!
You die...

* #.##........>.#
#.#...........#
#.#.#.........#
#....†#######.#
#.....# ##.### .##
##.....# *.....#
...#.....## ....)#
.##.#.....######.....#
.$............!@O....#
..........######.....#
...........## .....#
*............# ######
.............#
................
.............##.
.............# #
,.........>...#


You could see an ogre.

Vanquished Creatures
  2 orc wizards (D:3)
  3 adders
  An ooze (D:2)
  6 worms
  2 leopard geckos
  4 orcs (D:3)
  A ball python (D:2)
  4 bats
  A giant cockroach (D:2)
  7 goblins
  5 hobgoblins
  7 jackals
  3 quokkas
  4 frilled lizards
  A jackal skeleton (D:4)
  6 kobolds
  5 rats
62 creatures vanquished.

Notes
Turn   | Place    | Note
-------+----------+-------------------------------------------
     0 | D:1      | Apogee the Deep Dwarf Fighter began the quest for the Orb.
     0 | D:1      | Reached XP level 1. HP: 20/20 MP: 1/1
   119 | D:1      | Reached XP level 2. HP: 18/27 MP: 2/2
   882 | D:2      | Reached XP level 3. HP: 20/33 MP: 3/3
  1092 | D:2      | Found a bloodstained altar of Trog.
  1093 | D:2      | Found an iron altar of Okawaru.
  1168 | D:2      | Reached XP level 4. HP: 18/42 MP: 4/4
  1402 | D:3      | Reached XP level 5. HP: 26/49 MP: 5/5
  1614 | D:3      | Found an opulent altar of Gozag.
  1700 | D:3      | Found a glowing silver altar of Zin.
  1705 | D:3      | Found a shadowy altar of Dithmenos.
  1710 | D:3      | Found a radiant altar of Vehumet.
  1984 | D:4      | Noticed an ogre
  1991 | D:4      | Slain by an ogre

Illustrated notes

Levels and vault maps discovered:
D:1:      tarquinn_simple_flora_water_f, layout_basic
D:2:      layout_basic, gammafunk_temple_overflow_statue, feat_on_display
D:3:      cheibrodos_old_hovel, layout_rooms, minmay_overflow_temple_star_quad,
          nicolae_gozag_cash_rules_everything_around_me
D:4:      layout_rooms, old_standard_altar, minmay_misc_feat_x,
          hangedman_abyss_or_decor_stagger, minmay_misc_feat_diagonals

Skill      XL: |  1  2  3  4 |
---------------+-------------+-----
Axes           | 3 4 |  4.2
Fighting       | 3 |  3.3
Shields        | 4 |  4.1
Armour         | 4 |  4.1

Action                   |  1- 3 |  4- 6 || total
-------------------------+-------+-------++-------
Melee: War axe           |   107 |    82 ||   189
 Abil: Heal Wounds       |       |     2 ||     2
Armor: Scale mail        |    22 |       ||    22
       Plate armour      |    31 |    42 ||    73
Dodge: Dodged            |    39 |    14 ||    53
Block: Kite shield       |    71 |    51 ||   122

Table legend: (Time is in decaauts)
 A = Elapsed time spent in this place.
 B = Non-inter-level travel time spent in this place.
 C = Inter-level travel time spent in this place.
 D = Time resting spent in this place.
 E = Time spent auto-exploring this place.
 F = Levels seen in this place.
 G = Mean time per level.
                   A        B        C        D        E       F      G
               +--------+--------+--------+--------+--------+-----+--------+
         Total |   2068 |   1974 |     94 |      0 |   1471 |   4 |  517.0 |
       Dungeon |   2068 |   1974 |     94 |      0 |   1471 |   4 |  517.0 |
               +--------+--------+--------+--------+--------+-----+--------+

Top non-repeatable levels by time:
     D:1: 778 daAuts
     D:2: 633 daAuts
     D:3: 596 daAuts
     D:4: 59 daAuts
